 Dungeon Crawl Stone Soup version 0.24-a0-441-g27f0392e16 (console) character file.

Game seed: 12988898934657751173

57 Voker57 the Skirmisher (level 3, 0/30 HPs)
             Began as a Demonspawn Monk on June 19, 2019.
             Slain by a gnoll
             ... wielding a +0 spear
              (2 damage)
             ... on level 2 of the Dungeon.
             The game lasted 00:02:35 (1817 turns).

Voker57 the Skirmisher (Demonspawn Monk)            Turns: 1817, Time: 00:02:35

Health: 0/30       AC:  4    Str: 11    XL:     3   Next: 73%
Magic:  3/3        EV: 14    Int: 11    God:
Gold:   64         SH:  0    Dex: 16    Spells: 2/2 levels left

rFire    . . .     SeeInvis .   a - +0 mace
rCold    . . .     Gourm    .   (no shield)
rNeg     . . .     Faith    .   b - +0 robe
rPois    .         Spirit   .   (no helmet)
rElec    .         Reflect  .   (no cloak)
rCorr    .         Harm     .   (no gloves)
MR       .....                  (no boots)
Stlth    ++........             (no amulet)
HPRegen  0.10/turn              (no ring)
MPRegen  0.08/turn              (no ring)

@: no status effects
A: hooves 1, iridescent scales 1
a: no special abilities


You were on level 2 of the Dungeon.
You were hungry.

You visited 1 branch of the dungeon, and saw 2 of its levels.

You collected 64 gold pieces.

Inventory:

Hand Weapons
 a - a +0 mace (weapon)
Armour
 b - a +0 robe (worn)
Scrolls
 d - 2 scrolls of remove curse {unknown}
 g - a scroll of enchant armour {unknown}
Potions
 e - a potion of lignification {unknown}
 f - a potion of magic {unknown}
 h - a potion of flight {unknown}
Comestibles
 c - 3 rations


   Skills:
 + Level 3.9 Fighting
 - Level 2.6 Maces & Flails
 + Level 3.5 Dodging
 - Level 1.7 Stealth


You had 2 spell levels left.
You didn't know any spells.
Your spell library was empty.

Dungeon Overview and Level Annotations

Branches:
Dungeon (2/15)

Altars:
Nemelex Xobeh


Innate Abilities, Weirdness & Mutations

You have large cloven feet.
You are partially covered in iridescent scales. (AC +2)


Message History

The gnoll barely misses you. The gnoll hits you with a +0 spear!
You hit the gnoll but do no damage. Your kick misses the gnoll.
The gnoll is moderately wounded.
The gnoll barely misses you.
You hit the gnoll. You kick the gnoll, but do no damage.
The gnoll is moderately wounded.
The gnoll hits you with a +0 spear!
* * * LOW HITPOINT WARNING * * *
You barely miss the gnoll.
The gnoll is moderately wounded.
The gnoll hits you with a +0 spear.
* * * LOW HITPOINT WARNING * * *
The gnoll barely misses you.
You sock the gnoll! You kick the gnoll, but do no damage.
The gnoll is almost dead.
The gnoll closely misses you.
You completely miss the gnoll.
The gnoll is almost dead.
The gnoll hits you with a +0 spear.
You die...

#.)..#........#
##.##.#.#####..#
#<..#.#.#...#..#
##..#.#.#......#
#..#.#.#.#.#.##
#..#.#.#......######
#..#.#.#.##........#
####.#........####.#
#.###.##.###### #.#
#.....@g..#
#.######.####.#
#....<...#
######.### #.# #.#
#.# #.# #.# #.#


You could see a gnoll.

Vanquished Creatures
  2 gnolls
  An ooze (D:1)
  A worm (D:2)
  2 giant cockroaches (D:1)
  2 goblins (D:1)
  6 hobgoblins (D:1)
  4 bats (D:1)
  A frilled lizard (D:1)
  7 kobolds (D:1)
  6 rats
32 creatures vanquished.

Notes
Turn   | Place    | Note
-------+----------+-------------------------------------------
     0 | D:1      | Voker57 the Demonspawn Monk began the quest for the Orb.
     0 | D:1      | Reached XP level 1. HP: 18/18 MP: 1/1
    79 | D:1      | Gained mutation: You have large cloven feet. [demonic
                  | ancestry]
    79 | D:1      | Reached XP level 2. HP: 19/24 MP: 2/2
   745 | D:1      | Gained mutation: You are partially covered in iridescent
                  | scales. (AC +2) [demonic ancestry]
   745 | D:1      | Reached XP level 3. HP: 26/30 MP: 3/3
   989 | D:2      | Found a sparkling altar of Nemelex Xobeh.
  1815 | D:2      | HP: 1/30 [gnoll/+0 spear (4)]
  1817 | D:2      | Slain by a gnoll

Levels and vault maps discovered:
D:1:      dpeg_arrival_rhombi, layout_basic
D:2:      layout_basic, grunt_temple_overflow_order_and_chaos_1,
          nemelex_xobeh_ov_fountains_minmay

Skill      XL: |  1 |
---------------+----+-----
Dodging        | 3 |  3.5
Fighting       | |  3.9
Maces & Flails | |  2.6
Stealth        | |  1.7

Action                   || total
-------------------------++-------
Melee: Mace              ||   100
       Kick              ||    28
 Stab: Sleeping          ||     3
  Eat: Chunk             ||     2
Armor: Robe              ||    13
Dodge: Dodged            ||    93

Table legend:
 A = Non-vault XP
 B = Vault XP
 C = Vault XP percentage of total XP
 D = Non-vault monster count
 E = Vault monster count
 F = Vault count percentage of total count
                 A         B        C        D         E       F
            +---------+---------+-------+---------+---------+-------
      Total |      82 |       0 |   0.0 |      32 |       0 |   0.0
            +---------+---------+-------+---------+---------+-------
        D:1 |      61 |       0 |   0.0 |      29 |       0 |   0.0
        D:2 |      21 |       0 |   0.0 |       3 |       0 |   0.0
            +---------+---------+-------+---------+---------+-------
